AoeStats
← распродаж

Hill Fort

504793769Analyzed
4v4 RM · 26d ago on Sep 6, 2026· 53m 12s· 8 players
Game mode
Random Map
Map size
Large (8 player)
Population
200
Speed
Normal
Resources
Standard
Victory
Conquest
Starting age
Dark Age
Ending age
Imperial Age
RankedLock teamsTeams togetherTeam positionsShared explorationLock speedFull tech treeHidden civsTurbo modeCheats
Victory
Defeat
🇨🇳 Maya · China
1585
+11
🇭🇰 Britons · Hong Kong SAR China
1527
+14
🇨🇴 Portuguese · Colombia
1505
+15
🇭🇰 Spanish · Hong Kong SAR China
1468
+16
🇧🇪 Italians · Belgium
1494
-15
🇧🇦 Cumans · Bosnia & Herzegovina
1488
-14
🇧🇦 Khitans · Bosnia & Herzegovina
1473
-14
🇭🇷 Koreans · Croatia
1454
-13
Dangel2K
5:28 Loom
10:12 Feudal Age
11:09 Horse Collar
17:01 Castle Age
18:24 Double-Bit Axe
18:45 Heavy Plow
23:48 Fletching
32:13 Ballistics
33:12 Bodkin Arrow
36:14 Imperial Age
34:21 Wheelbarrow
35:09 Padded Archer Armor
36:21 Elite Skirmisher
38:10 Bracer
38:26 Leather Archer Armor
39:13 Chemistry
39:31 Conscription
42:15 Caravan
46:47 Hand Cart
46:17 Town Watch
47:04 Crop Rotation
46:46 Bow Saw
48:53 Thumb Ring
49:17 Silk Road
49:54 Ring Archer Armor
49:48 Crossbowman
51:07 Arbalester
g0ldenJew
11:17 Feudal Age
11:26 Feudal Age
13:40 Loom
16:27 Castle Age
15:17 Double-Bit Axe
15:16 Horse Collar
15:30 Fletching
17:51 Bodkin Arrow
18:53 Gold Mining
27:02 Ballistics
28:45 Husbandry
37:25 Imperial Age
35:39 Wheelbarrow
36:18 Elite Skirmisher
39:21 Chemistry
38:26 Bracer
38:55 Conscription
41:06 Forging
40:56 Scale Mail Armor
41:05 Siege Engineers
40:40 Treadmill Crane
41:51 Pikeman
42:31 Squires
46:33 Chain Mail Armor
47:02 Hand Cart
46:38 Halberdier
48:55 Bow Saw
48:58 Capped Ram
52:57 Gold Shaft Mining
52:12 Stone Mining
52:16 Town Watch
Pitlja
9:12 Loom
11:08 Feudal Age
12:51 Double-Bit Axe
15:29 Castle Age
13:22 Domestication
16:19 Scale Barding Armor
16:45 Husbandry
17:22 Bow Saw
21:59 Chain Barding Armor
23:40 Forging
24:46 Wheelbarrow
24:08 Town Watch
25:09 Gold Mining
26:26 Hand Cart
26:20 Pastoralism
26:33 Stone Mining
28:12 Stone Shaft Mining
35:32 Imperial Age
34:03 Coinage
33:35 Caravan
35:05 Fletching
36:00 Iron Casting
36:53 Plate Barding Armor
36:05 Heavy Camel Rider
36:10 Elite Steppe Lancer
37:52 Conscription
38:10 Guilds
46:33 Light Cavalry
48:29 Ordo Cavalry
48:50 Hussar
52:27 Banking
Athenaeis
8:46 Feudal Age
9:55 Double-Bit Axe
9:50 Horse Collar
16:20 Loom
19:25 Castle Age
18:23 Bloodlines
19:29 Gold Mining
20:00 Scale Barding Armor
20:50 Wheelbarrow
21:28 Chain Barding Armor
24:25 Forging
28:20 Bow Saw
30:12 Iron Casting
32:17 Gold Shaft Mining
31:44 Heavy Plow
32:03 Hand Cart
39:26 Imperial Age
37:00 Town Watch
36:54 Light Cavalry
38:29 Caravan
40:29 Conscription
39:35 Cavalier
40:52 Plate Barding Armor
41:17 Blast Furnace
41:25 Capped Ram
45:04 Fletching
51:32 Bodkin Arrow
52:02 Ballistics
52:43 Chemistry
[MLTS] RKotzen
10:50 Feudal Age
9:44 Loom
14:49 Castle Age
13:36 Double-Bit Axe
15:39 Scale Barding Armor
16:23 Husbandry
21:00 Horse Collar
23:40 Chain Barding Armor
27:50 Bloodlines
30:01 Wheelbarrow
30:00 Forging
31:41 Bow Saw
31:22 Gold Mining
33:22 Iron Casting
39:45 Imperial Age
39:56 Cavalier
41:12 Plate Barding Armor
42:06 Scale Mail Armor
43:07 Blast Furnace
45:32 Two-Man Saw
44:49 Hand Cart
46:03 Light Cavalry
47:48 Caravan
49:34 Heavy Plow
53:44 Conscription
распродаж
11:18 Feudal Age
15:27 Castle Age
13:48 Double-Bit Axe
14:31 Loom
17:13 Wheelbarrow
21:49 Fletching
29:36 Imperial Age
27:09 Stone Mining
27:34 Bodkin Arrow
28:02 Padded Archer Armor
30:20 Ballistics
29:59 Elite Longbowman
31:19 Hand Cart
30:49 Town Watch
31:17 Bracer
32:03 Bow Saw
31:33 Horse Collar
31:52 Horse Collar
33:34 Chemistry
32:32 Gold Mining
35:56 Yeomen
36:26 Conscription
36:41 Hoardings
37:06 Squires
36:51 Arson
36:27 Pikeman
36:52 Gambesons
37:09 Scale Mail Armor
37:19 Forging
37:24 Leather Archer Armor
37:37 Town Patrol
38:42 Halberdier
39:52 Man-at-Arms
41:33 Chain Mail Armor
41:53 Iron Casting
41:49 Ring Archer Armor
42:58 Plate Mail Armor
42:41 Masonry
43:14 Long Swordsman
44:55 Blast Furnace
45:07 Two-Handed Swordsman
46:24 Champion
51:11 Champion
53:16 Two-Man Saw
52:23 Siege Engineers
52:48 Architecture
51:58 Treadmill Crane
52:14 Murder Holes
-GNG-Tenma
0:31 Loom
8:40 Feudal Age
9:37 Double-Bit Axe
19:26 Castle Age
17:35 Horse Collar
18:11 Fletching
18:49 Padded Archer Armor
18:46 Gold Mining
20:02 Bodkin Arrow
20:05 Crossbowman
21:59 Bow Saw
23:43 Wheelbarrow
24:35 Ballistics
24:59 Leather Archer Armor
27:20 Thumb Ring
27:27 Heavy Plow
30:04 Hand Cart
38:01 Imperial Age
35:57 Scale Mail Armor
36:08 Forging
36:48 Chain Mail Armor
36:57 Stone Mining
38:13 Iron Casting
37:06 Eagle Warrior
38:11 Squires
37:57 Arson
38:05 Elite Eagle Warrior
39:42 Holcans
40:10 Conscription
40:25 Plate Mail Armor
40:56 Blast Furnace
42:52 Chemistry
43:32 Stone Shaft Mining
43:34 Caravan
43:46 Guilds
44:25 Crop Rotation
44:57 Two-Man Saw
44:45 Hoardings
47:37 Pikeman
50:13 Halberdier
pray4u
11:31 Feudal Age
13:02 Loom
16:14 Castle Age
15:21 Double-Bit Axe
15:17 Horse Collar
15:30 Gold Mining
17:09 Bow Saw
18:15 Padded Archer Armor
19:04 Heavy Plow
25:36 Bloodlines
26:07 Leather Archer Armor
27:19 Husbandry
31:12 Wheelbarrow
33:48 Imperial Age
33:53 Elite Conquistador
34:56 Conscription
35:10 Ring Archer Armor
35:53 Hand Cart
35:24 Town Watch
37:06 Stone Mining
39:25 Chemistry
38:48 Scale Barding Armor
40:14 Fletching
41:43 Ballistics
41:21 Bodkin Arrow
42:13 Bracer
42:34 Chain Barding Armor
42:42 Light Cavalry
43:33 Hussar
44:49 Plate Barding Armor
44:24 Forging
46:08 Supremacy
46:32 Iron Casting
49:05 Stone Shaft Mining
53:00 Pikeman
53:40 Squires
54:42 Blast Furnace
53:43 Scale Mail Armor
Connection lost

Rejoining the realm…

Still unreachable

The connection could not be restored.

Session expired

The server has moved on; the page needs a fresh start.